 Dungeon Sprint DCSS version 0.15-b1-56-gcd6ed8c (webtiles) character file.

29239 zercules the Swordmaster (level 13, -17/116 HPs)
             Began as a Minotaur Berserker on Aug 12, 2014.
             Was the Champion of Trog.
             Killed from afar by a fire dragon (85 damage)
             ... with a blast of flame
             ... in the Dungeon (Sprint IX: "|||||||||||||||||||||||||||||").
             The game lasted 00:27:27 (4172 turns).

zercules the Swordmaster (Minotaur Berserker)       Turns: 4172, Time: 00:27:27

HP -17/116       AC 18     Str 24      XL: 13   Next: 14%
MP   5/5         EV 22     Int  8      God: Trog [******]
Gold 1671        SH  0     Dex 18      Spells:  0 memorised, 12 levels left

rFire  x . .     SeeInvis .     y - +3 claymore of the Original Sin {vamp, +Inv rF- rN+}
rCold  . . .     Clarity  .     p - +2 chain mail {MR+}
rNeg   + . .     rCorr    .     (no shield)
rPois  .         rRot     .     (helmet restricted)
rElec  .         Spirit   .     a - +0 cloak
SustAb .         Warding  .     A - +1 pair of gloves {Dex+3}
rMut   .         NoTele   +     (no boots)
Gourm  .                        (no amulet)
MR     +....                    n - +3 ring of intelligence
                                b - +3 ring of dexterity

@: somewhat resistant to hostile enchantments, extremely unstealthy
A: retaliatory headbutt, horns 2
a: Burn Spellbooks, Berserk, Trog's Hand, Brothers in Arms, Renounce Religion,
Evoke Invisibility


You were in the Dungeon.
You worshipped Trog.
Trog was exalted by your worship.
You were not hungry.

You visited 1 branch You collected 1923 gold pieces.
You spent 252 gold pieces at shops.


Innate Abilities, Weirdness & Mutations

You reflexively headbutt those who attack you in melee.
You have a pair of horns on your head.


   Skills:
 - Level 11.5 Fighting
 O Level 27 Long Blades
 - Level 11.3 Armour
 + Level 20.4 Dodging


You had 12 spell levels left.
You didn't know any spells.

Dungeon Overview and Level Annotations

Branches:
Dungeon (1/1)

Altars:
Cheibriados
Dithmenos
Elyvilon
Fedhas
Kikubaaqudgha
Makhleb
Nemelex Xobeh
Okawaru
Qazlal
Sif Muna
Trog
Vehumet
Xom
Yredelemnul
Zin
The Shining One
Beogh
Jiyva
Lugonu

Shops:
D (*%:

Inventory:

Hand weapons
 d - a +7 antimagic great sword
   (Trog gifted it to you in the Dungeon)
 f - the +9 great sword "Ytulesi" {holy, rC+ Int+2}
   (Trog gifted it to you in the Dungeon)

   It has been blessed by the Shining One to cause great damage to the undead
   and demons.
   It affects your intelligence (+2).
   It protects you from cold.
 g - a +3 antimagic claymore
   (Trog gifted it to you in the Dungeon)
 j - a +6 antimagic great sword
   (Trog gifted it to you in the Dungeon)
 m - a +2 scimitar of slicing
   (You found it in the Dungeon)
 t - a +6 long sword of holy wrath
   (Trog gifted it to you in the Dungeon)
 u - a +2 antimagic scimitar
   (Trog gifted it to you in the Dungeon)
 y - the +3 claymore of the Original Sin (weapon) {vamp, +Inv rF- rN+}
   (Trog gifted it to you in the Dungeon)

   It inflicts no extra harm, but heals its wielder somewhat when it strikes a
   living foe.
   It makes you vulnerable to fire.
   It protects you from negative energy.
   It lets you turn invisible.
 E - a +4 antimagic claymore
   (Trog gifted it to you in the Dungeon)
 F - the +7 great sword of Shiaxtot {drain, Noisy +Blink +Fly Dex+3}
   (Trog gifted it to you in the Dungeon)

   A truly terrible weapon, it drains the life of those it strikes.
   It affects your dexterity (+3).
   It lets you fly.
   It lets you blink.
   It may make noises in combat.
Missiles
 z - a large rock
Armour
 a - a +0 cloak (worn)
 p - a +2 chain mail of magic resistance (worn)
   (You took it off an orc warrior in the Dungeon)
 A - a +1 pair of gloves of dexterity (worn)
   (You bought it in a shop in the Dungeon)
Magical devices
 l - a wand of draining (0)
Comestibles
 v - 40 fruits
 w - 12 bread rations
 x - 9 meat rations
Scrolls
 i - a scroll of blinking
 k - 3 scrolls of remove curse {@r8}
 q - 3 scrolls of fog
 r - a scroll of identify {@r9}
 s - 2 scrolls of enchant armour
 C - 2 scrolls of enchant weapon
Jewellery
 b - a +3 ring of dexterity (left hand)
 c - an uncursed ring of protection from magic
 n - a +3 ring of intelligence (right hand)
 o - an uncursed ring of see invisible
Potions
 e - 2 potions of curing {@q1}
 h - 5 potions of berserk rage
 B - a potion of might
 D - a potion of restore abilities

.#.#)#.#[#.7)7.#.#
.#.#)#.#[#.7.7.#.#
.#.#.#.#[#.7.7.#.#
.#.#.#.#[#.7'7.#.#
)#.#.#.#[#.#.#.#*#
.#.#)#.#.#.#.#.#Q#
.#.#.#.#)#.#.#.#G#
'#.#.#.#)#.#.#.#D#
.#.#[#.#)#.#.#.#@#
.#.#.#.#)#.#.#.#)#
.#.#)#.#)#.#.#.#)#
.#.#)#.#)#.#.#.#)#
.#.#)#.#)#.#.#.#(#
.#.#)#.#)#.#'#.#.#
)#.#)#.#.#.#.#.#.#
[#.#)#.#=#.#.#.#.#
!#.#.#.#.#.#.#.#.#


You could see a fire dragon, a tengu reaver and a great orb of eyes.


Message History

You completely miss the dire elephant.
The dire elephant is lightly wounded.
The dire elephant barely misses you.
The dire elephant completely misses you.
The tengu reaver casts a spell.
You hit the dire elephant.
You feel better.
The dire elephant is lightly wounded.
You slice the dire elephant!!
The dire elephant is moderately wounded.
The dire elephant completely misses you.
The dire elephant trunk-slaps you.
You carve the dire elephant like a ham!!!
You feel better.
The dire elephant is severely wounded.
The dire elephant closely misses you. You furiously retaliate!
You headbutt the dire elephant, but do no damage.
The dire elephant trunk-slaps you but does no damage.
You slice the dire elephant!!
The dire elephant is almost dead.
You slice the dire elephant like a ripe choko!!!
You feel better.
You kill the dire elephant!
Trog accepts your kill.
Your Dodging skill increases to level 20!
The yaktaur wields an arbalest.
The yaktaur shoots a bolt.
The bolt misses you.
Things that are here:
2 large rocks; a dire elephant corpse; a stone giant corpse You carve the yaktaur like a ham!!!
You feel better.
You headbutt the yaktaur!
The yaktaur is almost dead.
You hit the yaktaur.
You kill the yaktaur!
Trog accepts your kill. Something appears at your feet! Trog grants you a gift!
Okay, then.
The deep troll shaman misses you. You furiously retaliate!
You headbutt the deep troll shaman, but do no damage.
The deep troll shaman claws you.
The deep troll shaman barely misses you.
Items here: %%% ( ))))))
You closely miss the deep troll shaman. The deep troll shaman bites you!
The deep troll shaman closely misses you.
The deep troll shaman completely misses you.
You barely miss the deep troll shaman.
The deep troll shaman bites you but does no damage.
The deep troll shaman misses you.
The deep troll shaman claws you but does no damage.
You slash the deep troll shaman!
You feel better.
The deep troll shaman is moderately wounded.
You hit the deep troll shaman.
You feel better.
The deep troll shaman is heavily wounded.
The deep troll shaman bites you! The deep troll shaman claws you!
The deep troll shaman barely misses you.
You hit the deep troll shaman.
The deep troll shaman is heavily wounded.
The deep troll shaman misses you. The deep troll shaman claws you!
The deep troll shaman completely misses you.
You barely miss the deep troll shaman. You headbutt the deep troll shaman.
The deep troll shaman is heavily wounded.
You hit the deep troll shaman but do no damage.
The deep troll shaman is heavily wounded.
The deep troll shaman bites you! The deep troll shaman claws you.
The deep troll shaman claws you.
You slice the deep troll shaman!!
You feel better.
You kill the deep troll shaman!
Trog accepts your kill. The fire dragon breathes flames at you.
The blast of flame hits you! The fire burns you terribly!
Ouch! That really hurt!
You die...

Action                   |  1- 3 |  4- 6 |  7- 9 | 10-12 | 13-15 || total
-------------------------+-------+-------+-------+-------+-------++-------
Melee: Falchion          |    15 |    19 |       |       |       ||    34
       Scimitar          |       |    22 |    27 |       |       ||    49
       Great sword       |       |       |    54 |   156 |       ||   210
       Claymore          |       |       |       |   115 |    22 ||   137
Invok: Brothers in Arms  |       |     1 |       |     5 |       ||     6
       Berserk           |       |       |       |     2 |       ||     2
       Trog's Hand       |       |       |       |     2 |       ||     2
Evoke: Wand              |       |       |       |     7 |       ||     7
  Use: Potion            |       |     2 |     2 |     9 |       ||    13
       Scroll            |       |       |       |     4 |       ||     4
 Stab: Invisible         |       |       |     8 |       |       ||     8
       Fleeing           |       |       |     1 |       |       ||     1
  Eat: Bread ration      |       |       |     1 |       |       ||     1
       Meat ration       |       |       |       |     3 |       ||     3

Vault maps used:
D:        linesprint

Notes
Turn   | Place    | Note
--------------------------------------------------------------
     0 | D        | zercules, the Minotaur Berserker, began the quest for the Orb.
     0 | D        | Reached XP level 1. HP: 19/19 MP: 1/1
    12 | D        | Acquired Trog's second power
    12 | D        | Reached skill level 4 in Fighting
    12 | D        | Reached skill level 4 in Long Blades
    13 | D        | Reached skill level 3 in Armour
    91 | D        | Noticed a scorpion
    91 | D        | Noticed a centaur
    91 | D        | Noticed a hound
    91 | D        | Noticed a scorpion
    94 | D        | Killed a scorpion
    94 | D        | Reached skill level 5 in Fighting
    94 | D        | Reached skill level 5 in Long Blades
    94 | D        | Reached skill level 4 in Armour
    94 | D        | Reached skill level 4 in Dodging
    94 | D        | Reached XP level 2. HP: 25/30 MP: 1/1
    94 | D        | Reached XP level 3. HP: 30/37 MP: 2/2
    96 | D        | Killed a hound
    96 | D        | Reached skill level 6 in Fighting
    96 | D        | Reached skill level 6 in Long Blades
    96 | D        | Reached skill level 5 in Armour
    96 | D        | Reached skill level 5 in Dodging
    96 | D        | Reached XP level 4. HP: 34/44 MP: 2/2
   107 | D        | Killed a centaur
   107 | D        | Reached skill level 7 in Fighting
   107 | D        | Reached skill level 7 in Long Blades
   107 | D        | Reached skill level 6 in Armour
   107 | D        | Reached skill level 6 in Dodging
   107 | D        | Reached XP level 5. HP: 16/52 MP: 2/2
   109 | D        | Acquired Trog's third power
   111 | D        | HP: 13/52 [poisoned by a scorpion]
   113 | D        | HP: 2/52 [scorpion (7)]
   118 | D        | Killed a scorpion
   118 | D        | Reached skill level 7 in Armour
   129 | D        | HP: 13/53 [poisoned by a scorpion]
   136 | D        | HP: 12/53 [poisoned by a scorpion]
   144 | D        | HP: 12/53 [poisoned by a scorpion]
   387 | D        | Found a glowing silver altar of Zin.
   387 | D        | Found a glowing golden altar of the Shining One.
   387 | D        | Found an ancient bone altar of Kikubaaqudgha.
   387 | D        | Found a basalt altar of Yredelemnul.
   387 | D        | Found a shimmering altar of Xom.
   387 | D        | Found a radiant altar of Vehumet.
   387 | D        | Found an iron altar of Okawaru.
   388 | D        | Found a burning altar of Makhleb.
   389 | D        | Found a deep blue altar of Sif Muna.
   390 | D        | Found a bloodstained altar of Trog.
   391 | D        | Found a sparkling altar of Nemelex Xobeh.
   392 | D        | Found a white marble altar of Elyvilon.
   393 | D        | Found a roughly hewn altar of Beogh.
   394 | D        | Found a viscous altar of Jiyva.
   395 | D        | Found a corrupted altar of Lugonu.
   396 | D        | Found a blossoming altar of Fedhas.
   397 | D        | Found a snail-covered altar of Cheibriados.
   398 | D        | Found a shadowy altar of Dithmenos.
   399 | D        | Found a stormy altar of Qazlal.
   455 | D        | Noticed a centaur
   455 | D        | Noticed a hippogriff
   455 | D        | Noticed a worker ant
   461 | D        | Reached skill level 8 in Fighting
   464 | D        | Killed a worker ant
   464 | D        | Reached skill level 8 in Long Blades
   464 | D        | Reached skill level 7 in Dodging
   468 | D        | Killed a hippogriff
   468 | D        | Reached skill level 9 in Fighting
   468 | D        | Reached skill level 9 in Long Blades
   468 | D        | Reached skill level 8 in Armour
   468 | D        | Reached XP level 6. HP: 43/63 MP: 3/3
   478 | D        | Killed a centaur
   478 | D        | Reached skill level 9 in Armour
   478 | D        | Reached skill level 8 in Dodging
   606 | D        | Noticed a yellow wasp
   606 | D        | Noticed a soldier ant
   606 | D        | Noticed a troll
   606 | D        | Noticed a brain worm
   606 | D        | Noticed a shadow
   608 | D        | Killed a shadow
   608 | D        | Reached XP level 7. HP: 68/71 MP: 3/3
   609 | D        | Killed a brain worm
   611 | D        | Killed a troll
   611 | D        | Reached skill level 10 in Fighting
   611 | D        | Reached skill level 10 in Long Blades
   611 | D        | Reached skill level 9 in Dodging
   613 | D        | Killed a soldier ant
   613 | D        | Reached skill level 10 in Armour
   615 | D        | Killed a yellow wasp
   741 | D        | Noticed a porcupine
   741 | D        | Noticed a yak
   741 | D        | Noticed a crocodile
   742 | D        | Noticed a fire drake
   752 | D        | Received a gift from Trog
   756 | D        | Killed a crocodile
   758 | D        | Killed a yak
   758 | D        | Reached skill level 11 in Fighting
   760 | D        | Reached XP level 8. HP: 76/82 MP: 3/3
   765 | D        | Killed a porcupine
   765 | D        | Reached skill level 11 in Long Blades
   765 | D        | Reached skill level 10 in Dodging
   769 | D        | Killed a fire drake
   769 | D        | Reached skill level 11 in Armour
   772 | D        | Received a gift from Trog
   835 | D        | Noticed a water moccasin
   835 | D        | Noticed a porcupine
   835 | D        | Noticed a spiny frog
   835 | D        | Noticed a polar bear
   835 | D        | Noticed a komodo dragon
   838 | D        | Noticed a crocodile
   838 | D        | Received a gift from Trog
   841 | D        | Killed a komodo dragon
   841 | D        | Reached skill level 12 in Long Blades
   846 | D        | Killed a polar bear
   846 | D        | Reached skill level 13 in Long Blades
   848 | D        | Killed a spiny frog
   848 | D        | Reached skill level 14 in Long Blades
   848 | D        | Reached XP level 9. HP: 89/89 MP: 1/4
   851 | D        | Killed a porcupine
   851 | D        | Reached skill level 15 in Long Blades
   856 | D        | Killed a water moccasin
   858 | D        | Noticed a fire drake
   860 | D        | Killed a crocodile
   860 | D        | Received a gift from Trog
   865 | D        | Killed a fire drake
   865 | D        | Reached skill level 16 in Long Blades
   896 | D        | Noticed a black bear
   896 | D        | Noticed a polar bear
   896 | D        | Noticed a black bear
   896 | D        | Noticed a polar bear
   896 | D        | Noticed a polar bear
   896 | D        | Noticed a polar bear
   896 | D        | Noticed a polar bear
   900 | D        | Killed a polar bear
   904 | D        | Killed a polar bear
   904 | D        | Reached skill level 17 in Long Blades
   905 | D        | Noticed a polar bear
   912 | D        | Killed a polar bear
   912 | D        | Received a gift from Trog
   916 | D        | Killed a polar bear
   916 | D        | Reached skill level 18 in Long Blades
   921 | D        | Killed a polar bear
   927 | D        | Killed a polar bear
   929 | D        | Killed a black bear
   929 | D        | Reached XP level 10. HP: 45/96 MP: 1/4
   932 | D        | Killed a black bear
   932 | D        | Reached skill level 19 in Long Blades
   934 | D        | Received a gift from Trog
  1125 | D        | Noticed an orc priest
  1125 | D        | Noticed an orc priest
  1125 | D        | Noticed an orc wizard
  1125 | D        | Noticed an orc wizard
  1125 | D        | Noticed an orc wizard
  1126 | D        | Killed an orc wizard
  1127 | D        | Killed an orc wizard
  1127 | D        | Received a gift from Trog
  1129 | D        | Noticed an orc warrior
  1132 | D        | Killed an orc wizard
  1133 | D        | Noticed an orc wizard
  1138 | D        | Killed an orc warrior
  1140 | D        | Noticed an orc priest
  1140 | D        | Killed an orc priest
  1143 | D        | Noticed an orc priest
  1147 | D        | Killed an orc priest
  1149 | D        | Killed an orc wizard
  1151 | D        | Killed an orc priest
  1157 | D        | Killed an orc priest
  1157 | D        | Received a gift from Trog
  1158 | D        | Noticed an orc priest
  1165 | D        | HP: 21/96 [orc priest/divine providence (10)]
  1168 | D        | Killed an orc priest
  1455 | D        | Noticed an orc warrior
  1455 | D        | Noticed an orc warrior
  1455 | D        | Noticed an orc knight
  1455 | D        | Noticed an orc warrior
  1455 | D        | Noticed an orc warrior
  1455 | D        | Noticed an orc wizard
  1457 | D        | Killed an orc wizard
  1457 | D        | Received a gift from Trog
  1458 | D        | Noticed an orc warrior
  1460 | D        | Killed an orc warrior
  1465 | D        | Killed an orc knight
  1465 | D        | Reached skill level 20 in Long Blades
  1466 | D        | Killed an orc warrior
  1467 | D        | Killed an orc warrior
  1469 | D        | Noticed an orc warrior
  1470 | D        | Killed an orc warrior
  1471 | D        | Noticed an orc warrior
  1473 | D        | Noticed an orc knight
  1478 | D        | Noticed an orc warrior
  1481 | D        | Killed an orc warrior
  1484 | D        | Killed an orc warrior
  1485 | D        | Killed an orc warrior
  1490 | D        | Killed an orc knight
  1493 | D        | Killed an orc warrior
  1493 | D        | Reached skill level 21 in Long Blades
  1495 | D        | Received a gift from Trog
  1505 | D        | Got an ancient great sword {god gift}
  1506 | D        | Identified the +9 great sword "Ytulesi" {holy, rC+ Int+2} (Trog gifted it to you in the Dungeon)
  1519 | D        | Received a gift from Trog
  1734 | D        | Found Ruypian's Book Boutique.
  1734 | D        | Noticed an orc wizard
  1734 | D        | Noticed an orc sorcerer
  1734 | D        | Noticed an orc wizard
  1734 | D        | Noticed an orc wizard
  1734 | D        | Noticed an orc sorcerer
  1734 | D        | Noticed an orc sorcerer
  1737 | D        | Paralysed by an orc sorcerer for 2 turns
  1738 | D        | Noticed an orc sorcerer
  1742 | D        | Killed an orc sorcerer
  1743 | D        | Noticed an orc wizard
  1744 | D        | Killed an orc sorcerer
  1745 | D        | Found Kulat Nuu's Food Shop.
  1748 | D        | Killed an orc wizard
  1749 | D        | Killed an orc wizard
  1749 | D        | Received a gift from Trog
  1749 | D        | Killed an orc wizard
  1755 | D        | Killed an orc sorcerer
  1755 | D        | Reached skill level 22 in Long Blades
  1756 | D        | Killed an orc sorcerer
  1761 | D        | Found Poegoum's General Store.
  1889 | D        | Found Igueh's Antique Weapon Shop.
  1891 | D        | Noticed an orc wizard
  1893 | D        | Noticed an orc wizard
  1893 | D        | Noticed an orc sorcerer
  1895 | D        | Noticed an orc sorcerer
  1897 | D        | Noticed an orc wizard
  1901 | D        | Killed an orc wizard
  1901 | D        | Received a gift from Trog
  1905 | D        | Killed an orc wizard
  1907 | D        | Noticed a soul eater
  1912 | D        | Killed an orc sorcerer
  1916 | D        | Killed an orc sorcerer
  1916 | D        | Reached skill level 23 in Long Blades
  1916 | D        | Reached XP level 11. HP: 96/102 MP: 4/4
  1918 | D        | Killed an orc wizard
  1918 | D        | Received a gift from Trog
  1928 | D        | Bought a +1 pair of gloves of dexterity for 198 gold pieces
  1928 | D        | Bought a potion of curing for 24 gold pieces
  1928 | D        | Bought a potion of might for 30 gold pieces
  2005 | D        | Noticed Erolcha
  2011 | D        | Killed Erolcha
  2170 | D        | Noticed a giant frog
  2170 | D        | Noticed a jelly
  2170 | D        | Noticed a troll
  2170 | D        | Noticed an orc warrior
  2170 | D        | Noticed an eight-headed hydra
  2170 | D        | Noticed a cyclops
  2175 | D        | Killed a cyclops
  2180 | D        | Killed an eight-headed hydra
  2181 | D        | Noticed a crocodile
  2182 | D        | Killed an orc warrior
  2182 | D        | Reached skill level 24 in Long Blades
  2183 | D        | Killed a troll
  2184 | D        | Noticed a tengu warrior
  2186 | D        | Noticed a yaktaur captain
  2189 | D        | Killed a jelly
  2190 | D        | Noticed a frost giant
  2190 | D        | Killed a giant frog
  2192 | D        | Killed a crocodile
  2200 | D        | Killed a tengu warrior
  2202 | D        | Killed a yaktaur captain
  2202 | D        | Received a gift from Trog
  2202 | D        | Reached skill level 25 in Long Blades
  2207 | D        | Killed a frost giant
  2221 | D        | Received a gift from Trog
  2224 | D        | Got a brightly glowing great sword {god gift}
  2225 | D        | Identified the +7 great sword of Shiaxtot {drain, Noisy +Blink +Fly Dex+3} (Trog gifted it to you in the Dungeon)
  2231 | D        | Noticed a deep elf summoner
  2232 | D        | Noticed a hill giant
  2233 | D        | Noticed a stone giant
  2235 | D        | Noticed a deep elf knight
  2253 | D        | Killed a deep elf summoner
  2262 | D        | Killed a hill giant
  2268 | D        | Killed a stone giant
  2268 | D        | Reached skill level 26 in Long Blades
  2274 | D        | Killed a deep elf knight
  2276 | D        | Received a gift from Trog
  2466 | D        | Noticed a jumping spider
  2466 | D        | Noticed a scorpion
  2466 | D        | Noticed a demonic crawler
  2466 | D        | Noticed a yellow wasp
  2466 | D        | Noticed a wolf spider
  2467 | D        | Noticed a jumping spider
  2469 | D        | Killed a wolf spider
  2470 | D        | Killed a yellow wasp
  2471 | D        | Noticed a trapdoor spider
  2477 | D        | Noticed a redback
  2477 | D        | Killed a demonic crawler
  2481 | D        | Killed a jumping spider
  2483 | D        | Killed a jumping spider
  2488 | D        | Noticed a trapdoor spider
  2488 | D        | Killed a redback
  2488 | D        | Reached skill level 27 in Long Blades
  2488 | D        | Reached XP level 12. HP: 97/110 MP: 5/5
  2492 | D        | Killed a trapdoor spider
  2492 | D        | Received a gift from Trog
  2493 | D        | Killed a trapdoor spider
  2493 | D        | Reached skill level 11 in Dodging
  2496 | D        | Killed a scorpion
  2553 | D        | Noticed a thorn hunter
  2553 | D        | Noticed a bog body
  2553 | D        | Noticed a swamp drake
  2553 | D        | Noticed an insubstantial wisp
  2553 | D        | Noticed a bog body
  2553 | D        | Noticed a bog body
  2555 | D        | Killed a bog body
  2556 | D        | Noticed a swamp drake
  2557 | D        | Noticed a giant leech
  2581 | D        | Killed a bog body
  2588 | D        | Killed an insubstantial wisp
  2597 | D        | Killed a swamp drake
  2597 | D        | Received a gift from Trog
  2598 | D        | Got an ancient claymore {god gift}
  2601 | D        | Killed a bog body
  2728 | D        | Identified the +3 claymore of the Original Sin {vamp, +Inv rF- rN+} (Trog gifted it to you in the Dungeon)
  2735 | D        | HP: 26/110 [thorn hunter/volley of thorns (41)]
  3079 | D        | Killed a thorn hunter
  3079 | D        | Reached skill level 13 in Dodging
  3084 | D        | Killed a swamp drake
  3248 | D        | Killed a giant leech
  3325 | D        | Noticed a merfolk
  3325 | D        | Noticed a snapping turtle
  3325 | D        | Noticed a manticore
  3325 | D        | Noticed a merfolk
  3325 | D        | Noticed a snapping turtle
  3325 | D        | Noticed a sea snake
  3325 | D        | Noticed a water elemental
  3329 | D        | Killed a water elemental
  3330 | D        | Noticed a hippogriff
  3337 | D        | Noticed a merfolk
  3339 | D        | Killed a sea snake
  3339 | D        | Reached skill level 14 in Dodging
  3342 | D        | Killed a snapping turtle
  3347 | D        | HP: 26/110 [poisoned by a sea snake]
  3347 | D        | Killed a merfolk
  3352 | D        | HP: 22/110 [poisoned by a sea snake]
  3355 | D        | Killed a manticore
  3355 | D        | Received a gift from Trog
  3357 | D        | HP: 25/110 [poisoned by a sea snake]
  3568 | D        | Killed a snapping turtle
  3576 | D        | Killed a merfolk
  3580 | D        | Killed a hippogriff
  3580 | D        | Reached skill level 15 in Dodging
  3589 | D        | Killed a merfolk
  3614 | D        | Noticed a mana viper
  3614 | D        | Noticed a naga warrior
  3614 | D        | Noticed a naga
  3614 | D        | Noticed a mana viper
  3614 | D        | Noticed a black mamba
  3614 | D        | Noticed a naga mage
  3614 | D        | Noticed a naga warrior
  3615 | D        | Noticed a shock serpent
  3624 | D        | Killed a naga warrior
  3626 | D        | Killed a naga mage
  3626 | D        | Received a gift from Trog
  3626 | D        | Reached skill level 16 in Dodging
  3630 | D        | Killed a mana viper
  3635 | D        | Noticed a naga mage
  3637 | D        | Killed a black mamba
  3644 | D        | Killed a naga warrior
  3650 | D        | Killed a naga
  3650 | D        | Reached skill level 17 in Dodging
  3653 | D        | Killed a shock serpent
  3656 | D        | Killed a mana viper
  3658 | D        | HP: 27/110 [naga mage/bolt of poison (5)]
  3663 | D        | Killed a naga mage
  3663 | D        | Received a gift from Trog
  3663 | D        | HP: 20/110 [poisoned by a naga mage (bolt of poison)]
  3669 | D        | HP: 18/110 [poisoned by a naga mage (bolt of poison)]
  3674 | D        | HP: 17/110 [poisoned by a naga mage (bolt of poison)]
  3681 | D        | HP: 17/110 [poisoned by a naga mage (bolt of poison)]
  3689 | D        | HP: 17/110 [poisoned by a naga mage (bolt of poison)]
  4054 | D        | Noticed Psyche
  4059 | D        | Killed Psyche
  4127 | D        | Noticed a dire elephant
  4127 | D        | Noticed an ettin
  4127 | D        | Noticed an ettin
  4127 | D        | Noticed a yaktaur
  4127 | D        | Noticed a stone giant
  4127 | D        | Noticed a necromancer
  4127 | D        | Noticed a vampire
  4132 | D        | Killed a vampire
  4132 | D        | Reached skill level 18 in Dodging
  4135 | D        | Noticed a yaktaur
  4136 | D        | Killed a necromancer
  4136 | D        | Received a gift from Trog
  4139 | D        | Noticed a deep troll shaman
  4141 | D        | Noticed a fire dragon
  4141 | D        | Killed a stone giant
  4142 | D        | Noticed a great orb of eyes
  4144 | D        | Killed a yaktaur
  4147 | D        | Killed an ettin
  4147 | D        | Reached skill level 19 in Dodging
  4147 | D        | Reached XP level 13. HP: 116/116 MP: 5/5
  4149 | D        | Noticed a tengu reaver
  4152 | D        | Killed an ettin
  4159 | D        | Killed a dire elephant
  4159 | D        | Reached skill level 20 in Dodging
  4162 | D        | Killed a yaktaur
  4162 | D        | Received a gift from Trog
  4171 | D        | Killed a deep troll shaman
  4172 | D        | Killed from afar by a fire dragon

Vanquished Creatures
  A thorn hunter (D)
  A frost giant (D)
  A stone giant (D)
  A dire elephant (D)
  2 ettins (D)
  A hydra (D)
  2 naga warriors (D)
  A yaktaur captain (D)
  A deep troll shaman (D)
  A tengu warrior (D)
  A shock serpent (D)
  Erolcha (D)
  A deep elf knight (D)
  A necromancer (D)
  A deep elf summoner (D)
  2 mana vipers (D)
  A wolf spider (D)
  An orc knight (D)
  6 orc sorcerers (D)
  2 naga magi (D)
  A black mamba (D)
  Psyche (D)
  A spiny frog (D)
  An orange demon (D)
  2 yaktaurs (D)
  A demonic crawler (D)
  3 jumping spiders (D)
  A komodo dragon (D)
  2 fire drakes (D)
  2 merfolk (D)
  A giant leech (D)
  7 polar bears (D)
  A troll (D)
  A hellwing (D)
  A red devil (D)
  2 bog bodies (D)
  A snapping turtle (D)
  A vampire (D)
  2 redbacks (D)
  2 trapdoor spiders (D)
  A water elemental (D)
  A ynoxinul (D)
  A yak (D)
  A naga (D)
  2 hippogriffs (D)
  2 porcupines (D)
  A water moccasin (D)
  7 orc warriors (D)
  2 black bears (D)
  2 swamp drakes (D)
  A yellow wasp (D)
  2 centaurs (D)
  3 crocodiles (D)
  A giant frog (D)
  An insubstantial wisp (D)
  3 scorpions (D)
  5 orc priests (D)
  A hound (D)
  A jelly (D)
  11 orc wizards (D)
  An orange rat (D)
  A worker ant (D)
  A mummy (D)
  5 adders (D)
  A green rat (D)
  An orc zombie (D)
  4 orcs (D)
  3 bats (D)
  2 goblins (D)
  2 hobgoblins (D)
  A giant newt (D)
  A hobgoblin skeleton (D)
  A quokka (D)
136 creatures vanquished.

Vanquished Creatures (collateral kills)
  A stone giant (D)
  A sea snake (D)
  A hill giant (D)
  An orc knight (D)
  A manticore (D)
  A cyclops (D)
  A merfolk (D)
  A troll (D)
  A shadow (D)
  A snapping turtle (D)
  A soldier ant (D)
  A yellow wasp (D)
  3 orc warriors (D)
  A brain worm (D)
  A bat skeleton (D)
17 creatures vanquished.

Vanquished Creatures (others)
  3 hill giants (D)
  A troll (D)
  A bog body (D)
  4 briar patches (D)
  A fungus (D)
10 creatures vanquished.

Grand Total: 163 creatures vanquished
